 Dungeon Crawl Stone Soup version 0.19.0-2-gae57169 (webtiles) character file.

2720 emikaela the Chiller (level 9, -11/54 HPs)
             Began as a Kobold Ice Elementalist on Nov 5, 2016.
             Was a Follower of Sif Muna.
             Mangled by Goblin1989's ghost (18 damage)
             ... in a bailey.
             The game lasted 00:42:16 (9975 turns).

emikaela the Chiller (Kobold Ice Elementalist)      Turns: 9975, Time: 00:42:16

Health: -11/54     AC:  8    Str:  6    XL:     9   Next: 98%
Magic:  0/16       EV: 23    Int: 19    God:    Sif Muna [*.....]
Gold:   182        SH:  0    Dex: 20    Spells: 5 memorised, 4 levels left

rFire  . . .     SeeInvis .     N - +2 dagger (venom)
rCold  . . .     Gourm    .     a - +0 robe
rNeg   . . .     Faith    .     (shield restricted)
rPois  +         Spirit   +     (no helmet)
rElec  .         Reflect  .     (no cloak)
rCorr  +         Harm     .     (no gloves)
MR     .....                    (no boots)
Stlth  ++++......               w - amulet of guardian spirit
                                D - ring of resist corrosion
                                q - ring of poison resistance

@: agile, icy armour, drained, no casting, slow
A: carnivore 3
a: Stop Divine Energy, Renounce Religion


You were in a bailey.
You worshipped Sif Muna.
Sif Muna was aware of your devotion.
You were very full.

You visited 2 branches of the dungeon, and saw 8 of its levels.
You also visited: Bailey.

You collected 380 gold pieces.
You spent 198 gold pieces at shops.

Inventory:

Hand Weapons
 p - a +0 rapier
 A - a +1 vampiric dagger
 C - a +0 blowgun
 F - a +2 dagger of draining
 H - a +0 shortbow
 N - a +2 dagger of venom (weapon)
Missiles
 d - 18 poisoned needles
 g - 114 stones (quivered)
 l - 84 bolts
 n - 173 arrows
 t - 31 sling bullets
 O - 8 poisoned tomahawks
 V - 2 tomahawks
Armour
 a - a +0 robe (worn)
 b - a +1 leather armour of cold resistance
 M - a +2 ring mail of fire resistance
 Q - a +2 leather armour of fire resistance
 S - a +0 cloak
Jewellery
 q - a ring of poison resistance (left hand)
 w - an amulet of guardian spirit (around neck)
 D - a ring of resist corrosion (right hand)
Wands
 K - a wand of flame (39/48)
 R - a wand of enslavement (12/24)
Scrolls
 h - a scroll of enchant armour {unknown}
 j - 5 scrolls of teleportation
 k - a scroll of amnesia
 o - a scroll of enchant weapon {unknown}
 u - 2 scrolls of blinking {unknown}
 v - a scroll of random uselessness {unknown}
 y - a scroll of fear
 B - a scroll of fog {unknown}
 E - a scroll of noise {unknown}
 T - a scroll of remove curse
Potions
 e - 2 potions of agility
 f - 2 potions of haste
 m - 2 potions of heal wounds {unknown}
 r - a potion of invisibility {unknown}
 s - 5 potions of curing
 x - 2 potions of cancellation
 z - a potion of lignification {unknown}
 G - a potion of magic
 I - 2 potions of flight {unknown}
 J - a potion of brilliance {unknown}
 L - a potion of might {unknown}
Comestibles
 c - 3 meat rations
 i - 4 beef jerkies
 P - a slice of pizza
 U - 5 chunks of flesh


   Skills:
 - Level 5.0(4.9) Fighting
 - Level 5.0(4.9) Short Blades
 + Level 4.9(4.8) Dodging
 - Level 5.0 Stealth
 - Level 5.0(4.9) Spellcasting
 - Level 5.1(5.0) Conjurations
 - Level 2.0(1.9) Charms
 + Level 4.6(4.5) Summonings
 - Level 6.0(5.9) Ice Magic


You had 4 spell levels left.
You knew the following spells:

 Your Spells              Type           Power        Failure   Level  Hunger
a - Freeze                Ice            ####         1%          1    None
b - Summon Ice Beast      Ice/Summ       ###.....     17%         4    ####...
c - Ozocubu's Armour      Chrm/Ice       ###.....     10%         3    ##.....
d - Throw Icicle          Conj/Ice       ####....     14%         4    ####...
f - Throw Frost           Conj/Ice       ####..       1%          2    #......


Dungeon Overview and Level Annotations

Branches:
Dungeon (7/15)             Temple (1/1) D:5

Altars:
Cheibriados
Dithmenos
Elyvilon
Fedhas
Gozag
Hepliaklqana
Kikubaaqudgha
Makhleb
Nemelex Xobeh
Okawaru
Qazlal
Ru
Sif Muna
Trog
Uskayaw
Xom
Yredelemnul
Zin
The Shining One

Shops:
D:4 *

Annotations:
D:6 Pikel
D:7 Joseph Bailey Goblin1989's ghost, novice MiFi


Innate Abilities, Weirdness & Mutations

You are small and have problems with some larger weapons.
You are carnivorous and can eat meat at any time.


Message History

Aim: Goblin1989's ghost (lightly damaged)
Okay, then.
That item cannot be evoked!
Throwing (i - inventory. (,) - cycle):
g - 114 stones (quivered)
Press: ? - help, Shift-Dir - straight line, f - Goblin1989's ghost
Aim: Goblin1989's ghost (lightly damaged)
Okay, then.
Unknown command.
Okay, then.
Okay, then.
Casting: Summon Ice Beast
Confirm with . or Enter, or press ? or * to list all spells.
A chill wind blows around you.
* * * LOW MAGIC WARNING * * *
Sif Muna grants you divine energy.
You briefly lose access to your magic!
Your ice beast closely misses Goblin1989's ghost. x2
Your ice beast hits Goblin1989's ghost but does no damage.
Goblin1989's ghost hits you!!
You die...

#######
##..Y..##
#..Y∩...#
#..YW@..#
##.Y∩..##
##+++##


You could see Goblin1989's ghost and 4 friendly ice beasts.

Vanquished Creatures
  Edmund (D:6)
  An ice beast (D:7)
  A sky beast (D:5)
  A black bear (D:4)
  2 ogres
  4 centaurs
  A bullfrog (D:5)
  5 scorpions (D:4)
  A howler monkey (D:4)
  2 wights
  A bullfrog zombie (D:6)
  2 crimson imps
  4 hounds
  Crazy Yiuf (D:7)
  A jelly (D:6)
  7 orc priests
  A bullfrog skeleton (D:4)
  12 orc wizards
  2 iguanas (D:5)
  4 worker ants
  A killer bee zombie (D:7)
  12 adders
  A shadow imp (D:7)
  An ooze (D:5)
  2 adder zombies (D:5)
  An adder skeleton (D:5)
  A worm (D:3)
  8 leopard geckos
  18 orcs
  6 ball pythons
  5 bats
  5 giant cockroaches
  7 goblins
  10 hobgoblins
  7 jackals
  8 kobolds
  2 quokkas (D:2)
  6 frilled lizards
  2 jackal zombies
  A leopard gecko skeleton (D:4)
  A leopard gecko zombie (D:7)
  A quokka zombie (D:5)
  13 rats
173 creatures vanquished.

Vanquished Creatures (collateral kills)
  Eustachio (D:6)
  A centaur (D:6)
  A wight (D:6)
  An orc wizard (D:6)
  An orc (D:6)
5 creatures vanquished.

Grand Total: 178 creatures vanquished

Notes
Turn   | Place    | Note
-------+----------+-------------------------------------------
     0 | D:1      | emikaela the Kobold Ice Elementalist began the quest for the Orb.
     0 | D:1      | Reached XP level 1. HP: 10/10 MP: 3/3
   173 | D:1      | Reached XP level 2. HP: 10/15 MP: 5/5
   263 | D:1      | Learned a level 2 spell: Throw Frost
   715 | D:2      | Reached XP level 3. HP: 8/19 MP: 0/6
  1024 | D:2      | Learned a level 3 spell: Ozocubu's Armour
  1126 | D:2      | Reached skill level 4 in Ice Magic
  1185 | D:2      | Reached XP level 4. HP: 19/24 MP: 2/7
  1599 | D:2      | Reached skill level 1 in Fighting
  2282 | D:3      | Reached skill level 1 in Charms
  2375 | D:3      | Reached XP level 5. HP: 30/30 MP: 0/8
  2761 | D:3      | Reached XP level 6. HP: 16/36 MP: 0/9
  3391 | D:3      | Reached skill level 1 in Short Blades
  3795 | D:4      | Found Huquur's General Store.
  3805 | D:4      | Bought a potion of haste for 110 gold pieces
  3805 | D:4      | Bought a potion of cancellation for 88 gold pieces
  3858 | D:4      | Reached XP level 7. HP: 34/42 MP: 1/10
  4249 | D:4      | Learned a level 4 spell: Throw Icicle
  5208 | D:5      | Entered Level 5 of the Dungeon
  5412 | D:5      | Reached XP level 8. HP: 48/48 MP: 9/12
  5853 | D:5      | Reached skill level 5 in Ice Magic
  5972 | D:5      | Found a sacrificial altar of Ru.
  6021 | D:5      | Found a staircase to the Ecumenical Temple.
  6108 | Temple   | Entered the Ecumenical Temple
  6256 | Temple   | Became a worshipper of Sif Muna the Loreminder
  6374 | D:5      | Learned a level 4 spell: Summon Ice Beast
  6520 | D:5      | Reached skill level 1 in Summonings
  6801 | D:5      | Found a burning altar of Makhleb.
  6803 | D:5      | Found a glowing golden altar of the Shining One.
  6806 | D:5      | Found a stormy altar of Qazlal.
  6968 | D:5      | Reached skill level 6 in Ice Magic
  7104 | D:6      | Reached XP level 9. HP: 52/52 MP: 6/15
  7335 | D:6      | Reached * piety under Sif Muna
  7462 | D:6      | Noticed Eustachio
  7522 | D:6      | Killed Eustachio
  7566 | D:6      | Noticed Edmund
  7638 | D:6      | Killed Edmund
  7638 | D:6      | Reached skill level 5 in Spellcasting
  7638 | D:6      | Reached skill level 5 in Conjurations
  8166 | D:6      | Noticed Pikel
  8818 | D:6      | Found an ancient bone altar of Kikubaaqudgha.
  8819 | D:6      | Found a sparkling altar of Nemelex Xobeh.
  9584 | D:7      | Reached skill level 5 in Stealth
  9693 | D:7      | Reached skill level 5 in Short Blades
  9767 | D:7      | Found a runed door.
  9778 | D:7      | Noticed Crazy Yiuf
  9782 | D:7      | Killed Crazy Yiuf
  9835 | D:7      | Reached skill level 5 in Fighting
  9863 | D:7      | Found a flagged portal.
  9965 | D:7      | Noticed Joseph
  9966 | Bailey   | Entered a bailey
  9966 | Bailey   | Noticed Goblin1989's ghost (novice MiFi)
  9975 | Bailey   | Mangled by Goblin1989's ghost

Skill      XL: |  1  2  3  4  5  6  7  8  9 |
---------------+----------------------------+-----
Conjurations   | 2 4 5 |  5.1
Ice Magic      | 4 6 |  6.0
Fighting       | 1 2 3 4 5 |  5.0
Charms         | 1 2 |  2.0
Dodging        | 3 4 |  4.9
Stealth        | 3 4 5 |  5.0
Short Blades   | 3 4 5 |  5.0
Spellcasting   | 3 4 5 |  5.0
Summonings     | 2 4 |  4.6

Action                   |  1- 3 |  4- 6 |  7- 9 || total
-------------------------+-------+-------+-------++-------
Melee: Short sword       |    33 |     8 |       ||    41
       Rapier            |       |     9 |       ||     9
       Dagger            |       |    38 |   225 ||   263
 Cast: Freeze            |    22 |    61 |   164 ||   247
       Throw Frost       |       |    13 |    36 ||    49
       Ozocubu's Armour  |       |       |    36 ||    36
       Summon Ice Beast  |       |       |    20 ||    20
Invok: Divine Energy     |       |       |     3 ||     3
       Stop Divine Energ |       |       |     2 ||     2
  Use: Scroll            |       |     7 |     1 ||     8
       Potion            |       |       |     2 ||     2
 Stab: Sleeping          |     3 |     4 |    12 ||    19
       Distracted        |       |     1 |     1 ||     2
  Eat: Chunk             |     9 |    15 |    26 ||    50
Armor: Robe              |     6 |     9 |    65 ||    80
Dodge: Dodged            |    37 |    75 |   252 ||   364
